 Dungeon Crawl Stone Soup version 0.32-a0-981-g384da2ce10 (webtiles) character file.

Game seed: 1275753150229807454

951 DrKenneth the Shield-Bearer (level 7, -14/60 (64) HPs)
             Began as a Minotaur Fighter on Apr 20, 2024.
             Demolished by an orc warrior
             ... wielding a +0 glaive
              (15 damage)
             ... on level 6 of the Dungeon.
             The game lasted 00:10:05 (3196 turns).

DrKenneth the Shield-Bearer (Minotaur Fighter)      Turns: 3196, Time: 00:10:09

HP:   -14/60 (64)   AC: 10    Str: 22    XL:     7   Next: 90%
MP:   15/15         EV:  6    Int:  7    God:
Gold: 293           SH: 17    Dex: 10    Spells: 6/6 levels left

rFire   . . .        a - +0 war axe
rCold   + . .        x - +4 tower shield of the Mertaur {rC+ rN+ MP+9 Int+2}
rNeg    + . .        b - +0 scale mail
rPois   .            (helmet restricted)
rElec   .            w - +0 cloak
rCorr   .            A - +0 pair of gloves
SInv    .            (no boots)
Will    .....        (no amulet) Stlth
                     (no ring)
HPRegen 0.30/turn    (no ring)
MPRegen 0.14/turn

%: no passive effects
@: attractive, drained
A: horns 2, retaliatory headbutt
a: no special abilities


You were on level 6 of the Dungeon.
You visited 1 branch of the dungeon, and saw 6 of its levels.

You collected 293 gold pieces.

Inventory:

Hand Weapons
 a - a +0 war axe (weapon)
Armour
 b - a +0 scale mail (worn)
 c - a +0 buckler
 w - a +0 cloak (worn)
 x - the +4 tower shield of the Mertaur (worn) {rC+ rN+ MP+9 Int+2}
   (You acquired it on level 5 of the Dungeon)

   Int+2:     It affects your intelligence (+2).
   rC+:       It protects you from cold.
   rN+:       It protects you from negative energy.
   MP+9:      It affects your magic capacity (+9).
 A - a +0 pair of gloves (worn)
Jewellery
 s - a ring of magical power
 z - the ring "Nuxkicro" {Wiz rN+}
   (You found it on level 5 of the Dungeon)

   [ring of wizardry]

   Wiz:       It improves your spell success rate.
   rN+:       It protects you from negative energy.
Wands
 u - a wand of mindburst (12)
 v - a wand of warping (8)
Scrolls
 f - a scroll of acquirement
 h - a scroll of fog
 i - a scroll of identify
 k - a scroll of poison {unknown}
 l - a scroll of enchant weapon {unknown}
 m - a scroll of torment {unknown}
 n - a scroll of amnesia {unknown}
 p - a scroll of blinking {unknown}
 y - a scroll of revelation {unknown}
 B - a scroll of noise {unknown}
Potions
 d - 3 potions of might
 e - a potion of heal wounds {unknown}
 g - a potion of degeneration {unknown}
 j - 3 potions of curing
 q - 2 potions of attraction
 r - a potion of haste {unknown}
 t - a potion of mutation {unknown}


   Skills:
 + Level 6.5 Fighting
 + Level 5.9 Axes
 + Level 6.5 Armour
 + Level 6.5 Shields


You had 6 spell levels left.
You didn't know any spells.
Your spell library contained the following spells:

 Spells                   Type           Power      Damage    Failure   Level
 Blink                    Tloc           0%         N/A       100%        2
 Lesser Beckoning         Tloc           0%         N/A       100%        2
 Momentum Strike          Conj/Tloc      0%         3d8       100%        2
 Animate Dead             Necr           0%         N/A       100%        4
 Haunt                    Necr/Summ      0%         N/A       100%        7
 Infestation              Necr           0%         N/A       100%        8


Dungeon Overview and Level Annotations

Branches:
Dungeon (6/15)
 Temple: D:4-7

Altars:
Dithmenos
Uskayaw

Shops:
D:4 *

Annotations:
D:4 2 runed translucent doors, Crazy Yiuf; Gryn's ghost, amateur OnAE


Innate Abilities, Weirdness & Mutations

You have a pair of horns on your head.
You reflexively headbutt those who attack you in melee.


Message History

The wight hits you from afar with a +4 spear.
A wight comes into view. It is wielding a +2 spear.
The orc wizard hits you but does no damage.
The wight hits you from afar with a +4 spear.
* * * LOW HITPOINT WARNING * * *
You partially resist.
You feel drained.
The orc wizard points at you and mumbles some strange words.
The magic dart hits you.
* * * LOW HITPOINT WARNING * * *
The orc attacks as it pursues you! The orc barely misses you.
The wight hits you but does no damage.
You hit the wight but do no damage. Your headbutt misses the wight.
You hit the orc warrior but do no damage.
You closely miss the orc wizard.
The orc warrior unwields a +0 arbalest.
The orc warrior wields a +0 glaive.
The orc warrior hits you but does no damage.
The orc warrior hits you with a +0 glaive!
* * * LOW HITPOINT WARNING * * *
You barely miss the orc wizard. Your headbutt misses the orc wizard.
The orc wizard is heavily wounded.
You completely miss the orc. You completely miss the orc warrior.
You hit the wight. You barely miss the wight.
You feel less confused. You block the wight's attack.
The orc wizard barely misses you. You block the orc's attack.
You block the wight's attack. You block the orc warrior's attack.
It was a potion of attraction.
You feel attractive to monsters. The wight hits you with a +4 spear.
* * * LOW HITPOINT WARNING * * *
You partially resist.
You feel drained. You block the orc wizard's attack.
You block the orc's attack. You block the wight's attack.
You block the orc warrior's attack. The orc hits you but does no damage.
It was a potion of magic.
Magic courses through your body. You block the wight's attack.
The orc wizard hits you but does no damage.
You block the wight's attack. You block the orc's attack.
You block the wight's attack.
The orc warrior hits you with a +0 glaive!
You die...

..... <.... .
.....##.
..$...#### .
#....#..###.#
#..z........#
.####..Wozo......
........o@.......
#.#...oz......#
###..........#
###.#..........#
...............#
..#...........##
#.#..))....## ##
###...)....# ...
###.##.#...)....#


You could see an orc warrior, a phantom, 3 wights, an orc wizard and 2 orcs.

Vanquished Creatures
  Prince Ribbit (D:5)
  Eustachio (D:4)
  A black bear (D:4)
  A phantom (D:4)
  A crimson imp (D:4)
  2 hounds (D:4)
  A bombardier beetle (D:5)
  An orc priest (D:5)
  3 orc wizards
  12 adders
  A white imp (D:4)
  A dart slug (D:5)
  2 ribbon worms (D:4)
  6 orcs
  9 ball pythons
  3 bats
  4 endoplasms
  4 giant cockroaches
  4 hobgoblins
  13 jackals
  2 kobolds (D:4)
  6 quokkas
  4 frilled lizards
  5 goblins
  2 rats
90 creatures vanquished.

Vanquished Creatures (others)
  An orc wizard (D:5)
1 creature vanquished.

Grand Total: 91 creatures vanquished

Notes
Turn   | Place    | Note
-------+----------+-------------------------------------------
     0 | D:1      | DrKenneth the Minotaur Fighter began the quest for the Orb.
     0 | D:1      | Reached XP level 1. HP: 19/19 MP: 0/0
   213 | D:1      | Reached XP level 2. HP: 26/27 MP: 1/1
   487 | D:2      | Reached XP level 3. HP: 33/33 MP: 2/2
   520 | D:2      | Found a faded altar of an unknown god.
   859 | D:2      | Reached XP level 4. HP: 37/40 MP: 3/3
  1556 | D:4      | Noticed a black bear
  1565 | D:4      | Killed a black bear
  1566 | D:4      | Reached XP level 5. HP: 14/47 MP: 4/4
  1681 | D:4      | Reached skill level 5 in Shields
  1789 | D:4      | Reached skill level 5 in Armour
  1796 | D:4      | Noticed Eustachio
  1803 | D:4      | Noticed a phantom
  1810 | D:4      | Killed a phantom
  1811 | D:4      | Reached skill level 5 in Fighting
  1811 | D:4      | Reached XP level 6. HP: 45/56 MP: 5/5
  1811 | D:4      | Killed Eustachio
  1911 | D:4      | Found a runed translucent door.
  1911 | D:4      | Noticed Gryn's ghost (amateur OnAE)
  1971 | D:4      | Found Wirihepn's Whimsical Warehouse.
  2031 | D:4      | Reached XP level 7. HP: 54/62 MP: 6/6
  2081 | D:4      | Reached skill level 5 in Axes
  2102 | D:4      | Found a hide-covered altar of Uskayaw.
  2237 | D:4      | Found a runed translucent door.
  2238 | D:4      | Noticed Crazy Yiuf
  2331 | D:5      | Entered Level 5 of the Dungeon
  2340 | D:5      | Identified 2 scrolls of acquirement
  2340 | D:5      | Acquired the +4 tower shield of the Mertaur {rC+ rN+ MP+9
                  | Int+2}
  2450 | D:5      | Found a shadowy altar of Dithmenos.
  2451 | D:5      | Noticed Prince Ribbit
  2463 | D:5      | Killed Prince Ribbit
  2514 | D:5      | Identified the ring "Nuxkicro" {Wiz rN+}
  3193 | D:6      | HP: 1/61 [orc warrior/+0 glaive (13)]
  3196 | D:6      | Demolished by an orc warrior

Illustrated notes

Levels and vault maps discovered:
D:1:      mushboom_english_gardens, layout_basic, st_stairs_2
D:2:      layout_basic, shapermc_ecumenical_altar_mp_highgroup
D:3:      layout_rooms
D:4:      layout_rooms, kennysheep_mini, gammafunk_ghost_grave,
          nicolae_alphabet_shops, grunt_decor_junction, minmay_fire_ice_demons,
          uniq_eustachio, uniq_crazy_yiuf_cottage
D:5:      layout_loops_ring, mainiacjoe_overflow_small_starburst,
          uniq_prince_ribbit1
D:6:      layout_cave_pools, mainiacjoe_overflow_catwalk, temple_hall,
          corexii_checkpoint

Skill      XL: |  1  2  3  4  5  6  7 |
---------------+----------------------+-----
Fighting       | 4 5 6 |  6.5
Armour         | 4 5 6 |  6.5
Axes           | 3 4 5 |  5.9
Shields        | 4 5 6 |  6.5

Action                     |  1- 3 |  4- 6 |  7- 9 || total
---------------------------+-------+-------+-------++-------
  Melee: War axe           |    65 |    96 |    56 ||   217
         Headbutt          |     7 |    15 |     5 ||    27
    Use: Scroll            |       |       |     3 ||     3
         Potion            |       |       |     2 ||     2
 Armour: Scale mail        |    46 |    75 |    68 ||   189
  Dodge: Dodged            |    40 |    53 |    11 ||   104
  Block: Buckler           |     6 |    31 |     1 ||    38
         Tower shield      |       |       |    44 ||    44

Table legend: (Time is in decaauts)
 A = Elapsed time spent in this place.
 B = Non-inter-level travel time spent in this place.
 C = Inter-level travel time spent in this place.
 D = Time resting spent in this place.
 E = Time spent auto-exploring this place.
 F = Levels seen in this place.
 G = Mean time per level.
                   A        B        C        D        E       F      G
               +--------+--------+--------+--------+--------+-----+--------+
         Total |   3277 |   2813 |    464 |    149 |   2014 |   6 |  546.2 |
       Dungeon |   3277 |   2813 |    464 |    149 |   2014 |   6 |  546.2 |
               +--------+--------+--------+--------+--------+-----+--------+

Top non-repeatable levels by time:
     D:4: 879 daAuts
     D:5: 826 daAuts
     D:2: 578 daAuts
     D:1: 487 daAuts
     D:3: 440 daAuts
     D:6: 63 daAuts
